 Dungeon Crawl Stone Soup version 0.24.0-37-gcf1ca852f1 (webtiles) character file.

Game seed: 12656825574096177221, levelgen mode: deterministic

86 grindst0ne the Gusty (level 4, -1/24 HPs)
             Began as a Tengu Air Elementalist on Dec 5, 2019.
             Killed from afar by an orc wizard (8 damage)
             ... with a magic dart
             ... on level 3 of the Dungeon on Dec 6, 2019.
             The game lasted 00:04:08 (1267 turns).

grindst0ne the Gusty (Tengu Air Elementalist)       Turns: 1267, Time: 00:04:09

Health: -1/24      AC:  2    Str:  9    XL:     4   Next: 49%
Magic:  1/9        EV: 28    Int: 16    God:
Gold:   30         SH:  0    Dex: 14    Spells: 4/8 levels left

rFire    . . .     SeeInvis .   h - +0 dagger
rCold    . . .     Gourm    .   (no shield)
rNeg     . . .     Faith    .   a - +0 robe
rPois    .         Spirit   .   (helmet restricted)
rElec    .         Reflect  .   (no cloak)
rCorr    .         Harm     .   (no gloves)
MR       .....                  (boots unavailable)
Stlth    ++........             k - amulet of the acrobat
HPRegen  0.08/turn              (no ring)
MPRegen  0.11/turn              (no ring)

@: acrobat, slowed, very slow
A: beak, talons 3
a: no special abilities


You were on level 3 of the Dungeon.
You were not hungry.

You visited 1 branch of the dungeon, and saw 3 of its levels.

You collected 30 gold pieces.

Inventory:

Hand Weapons
 h - a +0 dagger (weapon)
Armour
 a - a +0 robe (worn)
Jewellery
 k - an amulet of the acrobat (around neck)
Scrolls
 b - 2 scrolls of fog {unknown}
 e - a scroll of enchant armour {unknown}
 f - 2 scrolls of fear {unknown}
 i - 3 scrolls of remove curse {unknown}
 j - a scroll of enchant weapon {unknown}
 l - a scroll of identify {unknown}
 m - a scroll of magic mapping {unknown}
Potions
 d - a potion of heal wounds
Comestibles
 c - 3 rations
 g - 4 chunks of flesh


   Skills:
 + Level 3.1 Dodging
 - Level 2.0 Stealth
 + Level 2.7 Spellcasting
 + Level 2.8 Conjurations
 + Level 4.8 Air Magic


You had 4 spell levels left.
You knew the following spells:

 Your Spells              Type           Power        Failure   Level  Hunger
a - Shock                 Conj/Air       ##..         4%          1    #......
b - Static Discharge      Conj/Air       ##......     12%         3    ###....

Your spell library contained the following spells:

 Spells                   Type           Power        Failure   Level  Hunger
 Swiftness                Chrm/Air       #.......     11%         2    ##.....
 Airstrike                Air            ###.......   26%         4    #####..
 Lightning Bolt           Conj/Air       ##........   73%         5    ######.


Dungeon Overview and Level Annotations

Branches:
Dungeon (3/15)

Altars:
Hepliaklqana


Innate Abilities, Weirdness & Mutations

You have a beak for a mouth.
You have claws for feet.


Message History

The orc wizard gestures at you while chanting.
The magic dart hits you.
The orc wizard hits you with a +0 dagger.
* * * LOW HITPOINT WARNING * * *
Casting: Shock (safe; 4% risk of failure)
Confirm with . or Enter, or press ? or * to list all spells.
Aiming: Shock (safe; 4% risk of failure)
Press: ? - help, Shift-Dir - straight line, f/p - orc wizard
Aim: an orc wizard, wielding a +0 dagger and wearing a +0 robe (lightly wounded, fast)
The zap misses the orc wizard.
The orc wizard completely misses you. The orc wizard barely misses you.
The orc wizard gestures at you while chanting.
You resist with some effort.
The orc wizard casts a spell.
The orc wizard blinks!
The orc wizard casts a spell at you.
You feel as though you will be slow longer.
The orc wizard points at you and mumbles some strange words.
The magic dart hits you!
You die...

#.....#...#.#..#
#..#
##........#..#.#
#..#
#...........#.#
#####..#
#.####..####..#
#......#
#............)#
#.###.##
############..#
#.# #># #.o# #.#
#.#
#..#####.###.#
#..@.........#
##############


You could see an orc wizard.

Vanquished Creatures
  An orc priest (D:3)
  An adder (D:3)
  2 oozes (D:1)
  2 dart slugs (D:1)
  2 giant cockroaches
  7 goblins
  3 hobgoblins
  2 jackals (D:1)
  5 bats
  2 frilled lizards (D:1)
  4 kobolds (D:1)
  6 rats
37 creatures vanquished.

Notes
Turn   | Place    | Note
-------+----------+-------------------------------------------
     0 | D:1      | grindst0ne the Tengu Air Elementalist began the quest for
                  | the Orb.
     0 | D:1      | Reached XP level 1. HP: 10/10 MP: 4/4
    93 | D:1      | Reached XP level 2. HP: 13/15 MP: 0/6
   439 | D:1      | Reached XP level 3. HP: 17/19 MP: 0/7
  1126 | D:3      | Found a hazy altar of Hepliaklqana.
  1232 | D:3      | Learned a level 3 spell: Static Discharge
  1243 | D:3      | Reached XP level 4. HP: 24/24 MP: 4/8
  1252 | D:3      | Noticed an orc warrior
  1267 | D:3      | Killed from afar by an orc wizard

Levels and vault maps discovered:
D:1:      mrwooster_arrival_statue_3, layout_basic, minmay_pentomino_x4
D:2:      layout_rooms
D:3:      layout_loops_ring, overflow_temple_1_default, tgw_trog,
          lemuel_coloured_pillars_altar, first_ration,
          hangedman_decor_peaks_small

Skill      XL: |  1  2  3 |
---------------+----------+-----
Conjurations   | 2 |  2.8
Dodging        | 3 |  3.1
Stealth        | |  2.0
Spellcasting   | |  2.7
Air Magic      | |  4.8

Action                   |  1- 3 |  4- 6 || total
-------------------------+-------+-------++-------
Melee: Unarmed           |    23 |       ||    23
       Kick              |    12 |     1 ||    13
       Peck              |     5 |       ||     5
       Dagger            |    15 |     3 ||    18
 Cast: Shock             |    65 |     7 ||    72
  Use: Potion            |     2 |       ||     2
  Eat: Chunk             |     2 |       ||     2
Armor: Robe              |    25 |       ||    25
Dodge: Dodged            |    69 |     2 ||    71
